 Dungeon Crawl Stone Soup version 0.30-a0-852-g08b95dd62f (webtiles) character file.

Game seed: 233180972983897838

16 jimonade the Magician (level 2, -2/23 HPs)
             Began as a Djinni Warper on Mar 5, 2023.
             Frozen to death by an endoplasm (7 damage)
             ... on level 1 of the Dungeon.
             The game lasted 00:01:06 (511 turns).

jimonade the Magician (Djinni Warper)                Turns: 511, Time: 00:01:07

Health: -2/23      AC:  5    Str: 10    XL:     2   Next: 75%
Gold:   54         EV: 11    Int: 14    God:
                   SH:  0    Dex: 12

rFire   + + .      SeeInvis .    a - +0 short sword
rCold   x . .      Faith    .    (no shield)
rNeg    . . .      Spirit   .    b - +0 leather armour
rPois   ∞          Reflect  .    g - +2 hat {Stlth+}
rElec   .          Rampage  .    (no cloak)
rCorr   .                        (no gloves)
Will    .....                    (boots unavailable)
Stlth   ++                       (no amulet)
HPRegen 0.23/turn                (no ring)
MPRegen 0.00/turn                (no ring)

@: flying
A: sickness immunity, fire resistance 2, cold vulnerability 1, float, innate
caster, HP casting, extra vitality 1
a: no special abilities


You were on level 1 of the Dungeon.
You visited 1 branch of the dungeon, and saw 1 of its levels.

You collected 54 gold pieces.

Inventory:

Hand Weapons
 a - a +0 short sword (weapon)
Missiles
 d - 6 boomerangs of dispersal
Armour
 b - a +0 leather armour (worn)
 g - a +2 hat of stealth (worn)
Scrolls
 c - a scroll of blinking
 e - 2 scrolls of identify {unknown}
Potions
 f - a potion of invisibility {unknown}
 h - a potion of brilliance {unknown}
 i - a potion of might {unknown}


   Skills:
 + Level 2.1 Fighting
 + Level 1.8 Short Blades
 + Level 0.8 Throwing
 + Level 1.6 Armour
 + Level 2.3 Dodging
 * Level 2.6 Spellcasting


You knew the following spells:

 Your Spells              Type           Power      Damage    Failure   Level
a - Blink                 Tloc           18%        N/A       16%         2
b - Lesser Beckoning      Tloc           18%        N/A       16%         2
c - Vhi's Electric Charg  Tloc/Air       18%        N/A       30%         3
d - Teleport Other        Tloc           9%         N/A       30%         3
e - Manifold Assault      Tloc           9%         N/A       69%         4
Your spell library was empty.

Dungeon Overview and Level Annotations

Branches:
Dungeon (1/15)

Altars:


Innate Abilities, Weirdness & Mutations

You are immune to sickness and miasma.
You are immune to poison.
Your flesh is very heat resistant. (rF++)
You are vulnerable to cold. (rC-)
You float through the air rather than walking.
You learn spells naturally, not from books.
Your magical power is your life essence.
You have superior vitality. (+4 MHP)


Message History

The goblin hits you with a +0 club.
You hit the goblin.
You kill the goblin!
You closely miss the goblin. The goblin hits you with a +0 club.
You closely miss the goblin. The goblin closely misses you.
You hit the goblin.
The goblin is severely wounded.
The goblin hits you but does no damage.
You hit the goblin.
You kill the goblin!
You miss the goblin. The goblin hits you but does no damage.
You hit the goblin.
The goblin is severely wounded.
The goblin barely misses you.
You closely miss the goblin.
The goblin is severely wounded.
The goblin hits you with a +0 club.
You hit the goblin but do no damage.
The goblin is severely wounded.
The goblin barely misses you.
You barely miss the goblin.
The goblin is moderately wounded.
You hit the goblin.
You kill the goblin!
You hit the endoplasm.
The endoplasm is severely wounded.
The endoplasm closely misses you.
You hit the endoplasm but do no damage.
The endoplasm is severely wounded.
The endoplasm hits you.
You hit the endoplasm but do no damage.
The endoplasm is severely wounded.
The endoplasm freezes you.
You are frozen.
You feel a terrible chill!
* * * LOW HITPOINT WARNING * * *
You barely miss the endoplasm.
The endoplasm is severely wounded.
The endoplasm freezes you.
You are frozen!
You feel a terrible chill!
You die...

#.............. #.#############
#.############# ##'##...........
#............... #...............
#.....##########
#######+##########.....##
...............J@..>...+.#
..............####.....#.#
...............# #.....#.########
...............# ##.............#
.........#.....# #.............#
.........#.....# #.............#
.[.......÷.....# #........(....#
.......###.....####......########
.......# #...............#.......


You could see an endoplasm.

Vanquished Creatures
  4 ball pythons (D:1)
  A bat (D:1)
  2 giant cockroaches (D:1)
  4 goblins (D:1)
  A hobgoblin (D:1)
  A frilled lizard (D:1)
  2 rats (D:1)
15 creatures vanquished.

Notes
Turn   | Place    | Note
-------+----------+-------------------------------------------
     0 | D:1      | jimonade the Djinni Warper began the quest for the Orb.
     0 | D:1      | jimonade set off with the following spells memorised:
                  | Blink, Lesser Beckoning, Vhi's Electric Charge, Teleport
                  | Other, Manifold Assault.
     0 | D:1      | Reached XP level 1. HP: 18/18 MP: 0/0
   109 | D:1      | Reached XP level 2. HP: 18/23 MP: 0/0
   511 | D:1      | Frozen to death by an endoplasm

Illustrated notes

Levels and vault maps discovered:
D:1:      amcnicky_arrival_single_pillar, layout_basic

Action                     || total
---------------------------++-------
  Melee: Short sword       ||    66
  Throw: Boomerang         ||     1
   Cast: Blink             ||     3
 Armour: Leather armour    ||    30
  Dodge: Dodged            ||    55

Table legend: (Time is in decaauts)
 A = Elapsed time spent in this place.
 B = Non-inter-level travel time spent in this place.
 C = Inter-level travel time spent in this place.
 D = Time resting spent in this place.
 E = Time spent auto-exploring this place.
 F = Levels seen in this place.
 G = Mean time per level.
                   A        B        C        D        E       F      G
               +--------+--------+--------+--------+--------+-----+--------+
         Total |    505 |    505 |      0 |      0 |    314 |   1 |  505.0 |
       Dungeon |    505 |    505 |      0 |      0 |    314 |   1 |  505.0 |
               +--------+--------+--------+--------+--------+-----+--------+

Top non-repeatable levels by time:
     D:1: 505 daAuts
